 Dungeon Crawl Stone Soup version 0.27.0-1-g7a089689b8 (webtiles) character file.

Game seed: 13705312538267366003

50701 mandarbmax the Unseen (level 14, -9/92 HPs)
             Began as a Kobold Gladiator on Aug 1, 2021.
             Was a High Priest of Wu Jian.
             Mangled by a +2 halberd of venom (24 damage)
             ... on level 1 of the Elven Halls.
             The game lasted 00:53:09 (15047 turns).

mandarbmax the Unseen (Kobold Gladiator)           Turns: 15047, Time: 00:53:10

Health: -9/92      AC:  9    Str: 12    XL:     14   Next: 98%
Magic:  12/12      EV: 32    Int: 10    God:    Wu Jian [*****.]
Gold:   325        SH:  0    Dex: 24    Spells: 12/13 levels left

rFire    . . .     SeeInvis .   A - +1 dagger (elec)
rCold    . . .     Faith    +   (shield restricted)
rNeg     + . .     Spirit   .   f - +3 leather armour of Murucvic {rElec rN+ Int+3 Dex+3}
rPois    +         Reflect  .   O - +0 hat {Stlth+}
rElec    +         Harm     .   (no cloak)
rCorr    .         Rampage  .   D - +1 pair of gloves
Will     +....     NoCast   +   p - +0 pair of boots of a Labyrinth {-Cast Slay+5}
Stlth    +++++++++.             c - amulet of Temperance {Faith rPois}
HPRegen  0.25/turn              o - +4 ring of evasion
MPRegen  0.13/turn              H - +4 ring of slaying

@: exhausted
A: small, no large weapons, nightstalker 3, dopey 1, low mp 1
a: Renounce Religion, Wall Jump, Serpent's Lash, Heavenly Storm


You were on level 1 of the Elven Halls.
You worshipped Wu Jian.
Wu Jian was extremely pleased with you.
You visited 4 branches of the dungeon, and saw 15 of its levels.
You visited the Abyss 1 time.
You also visited: Ossuary.

You collected 1748 gold pieces.
You spent 1423 gold pieces at shops.

Inventory:

Hand Weapons
 a - a +0 rapier
 A - a +1 dagger of electrocution (weapon)
 L - a +1 short sword of speed
 S - a +0 vampiric short sword
Missiles
 g - 60 poisoned darts
 m - 2 throwing nets
 B - 27 boomerangs
Armour
 f - the +3 leather armour of Murucvic (worn) {rElec rN+ Int+3 Dex+3}
   (You found it on level 7 of the Dungeon)

   Int:       It affects your intelligence (+3).
   Dex:       It affects your dexterity (+3).
   rElec:     It insulates you from electricity.
   rN:        It protects you from negative energy.
 p - the +0 pair of boots of a Labyrinth (worn) {-Cast Slay+5}
   (You acquired it on level 9 of the Dungeon)

   Slay:      It affects your accuracy & damage with ranged weapons and melee
   (+5).
   -Cast:     It prevents spellcasting.
 v - the +4 scale mail "Covuni" {Int-2 Dex+5}
   (You found it on level 5 of the Dungeon)

   Int:       It affects your intelligence (-2).
   Dex:       It affects your dexterity (+5).
 D - a +1 pair of gloves (worn)
 O - a +0 hat of stealth (worn)
Jewellery
 c - the amulet of Temperance (around neck) {Faith rPois}
   (You acquired it on level 9 of the Dungeon)

   [amulet of faith]

   It allows you to gain divine favour quickly.
   rPois:     It protects you from poison.
 o - a +4 ring of evasion (left hand)
 z - a ring of resist corrosion
 E - a +4 ring of evasion
 H - a +4 ring of slaying (right hand)
 P - a ring of protection from cold
 T - the ring of Coel {Ice rPois Int-5 Dex+3}
   (You bought it in a shop on level 2 of the Orcish Mines)

   [ring of ice]

   It enhances your ice magic.
   Int:       It affects your intelligence (-5).
   Dex:       It affects your dexterity (+3).
   rF:        It makes you vulnerable to fire.
   rC:        It protects you from cold.
   rPois:     It protects you from poison.
Wands
 u - a wand of acid (15) (quivered)
 w - a wand of paralysis (15)
 y - a wand of polymorph (12)
 F - a wand of mindburst (19)
 G - a wand of iceblast (9)
 K - a wand of flame (54)
Scrolls
 b - a scroll of amnesia {unknown}
 l - 6 scrolls of teleportation
 n - a scroll of brand weapon {unknown}
 q - a scroll of fog {unknown}
 C - a scroll of enchant armour {unknown}
 I - a scroll of blinking {unknown}
 J - a scroll of immolation
 M - a scroll of holy word {unknown}
 N - a scroll of magic mapping {unknown}
 U - a scroll of vulnerability {unknown}
Potions
 d - a potion of mutation
 e - 3 potions of attraction
 h - 4 potions of flight
 i - a potion of cancellation
 j - 4 potions of brilliance
 k - a potion of resistance
 r - 2 potions of curing
 t - a potion of magic
 x - 3 potions of lignification
Miscellaneous
 Q - a condenser vane
 R - a lightning rod (3/4)


   Skills:
 + Level 12.2 Fighting
 - Level 12.0 Short Blades
 - Level 2.1 Throwing
 + Level 14.8 Dodging
 + Level 16.8 Stealth
 + Level 12.7 Evocations


You had 12 spell levels left.
You knew the following spells:

 Your Spells              Type           Power      Damage    Failure   Level
z - Animate Skeleton      Necr           0%         N/A       43%         1

Your spell library contained the following spells:

 Spells                   Type           Power      Damage    Failure   Level
 Apportation              Tloc           0%         N/A       43%         1
 Corona                   Hex            0%         N/A       43%         1
 Sting                    Tmut/Pois      0%         1d3       43%         1
 Summon Small Mammal      Summ           0%         N/A       43%         1
 Poisonous Vapours        Pois/Air       0%         N/A       58%         2
 Static Discharge         Conj/Air       0%         N/A       58%         2
 Sublimation of Blood     Necr           0%         N/A       58%         2
 Wereblood                Tmut           0%         N/A       58%         2
 Olgreb's Toxic Radiance  Pois           0%         N/A       99%         4
 Lightning Bolt           Conj/Air       0%         1d11      100%        5
 Dispersal                Tloc           0%         N/A       100%        6
 Summon Hydra             Summ           0%         N/A       100%        7
 Disjunction              Tloc           0%         N/A       100%        8
 Maxwell's Capacitive Co  Air            0%         ∞         100%        8


Dungeon Overview and Level Annotations

Branches:
Dungeon (11/15)            Temple (1/1) D:4            Lair (0/6) D:8
    Orc (2/2) D:9             Elf (1/3) Orc:2       Ossuary (visited)

Altars:
Cheibriados
Dithmenos
Elyvilon
Fedhas
Gozag
Nemelex Xobeh
Okawaru
Qazlal
Ru
Sif Muna
Trog
Uskayaw
Vehumet
Wu Jian
Yredelemnul
Beogh

Shops:
Orc:2 (*=([   Elf:1 ![


Innate Abilities, Weirdness & Mutations

You are small and have problems with some larger weapons.
You are completely attuned to the shadows.
You are dopey. (Int -2)
Your magical capacity is low. (-10% MP)


Message History

The +1 vorpal flail is splashed with acid!
The acid corrodes the +1 vorpal flail!
The +1 vorpal flail falls from the air.
The Council accepts your kill.
The bolt of acid hits the +2 halberd of venom!
The +2 halberd of venom is splashed with acid.
The acid corrodes the +2 halberd of venom!
The +2 halberd of venom is heavily damaged.
The bolt of acid hits the +1 short sword of speed!
The +1 short sword of speed is splashed with acid.
The acid corrodes the +1 short sword of speed!
The +1 short sword of speed is almost destroyed.
The +2 halberd of venom misses you.
Unknown command.
Aiming: Corrosive Bolt
Press: ? - help, Q - select action, (/) - cycle Shift-Dir - straight line, f/p - +1 short sword of speed
Aim: a +1 short sword of speed (almost destroyed, covered in acid, 46% to hit)
The bolt of acid misses the +2 halberd of venom.
The bolt of acid hits the +1 short sword of speed!!
The +1 short sword of speed is splashed with acid.
The +1 short sword of speed seems to be corroded for longer.
The +1 short sword of speed falls from the air.
The Council accepts your kill.
The +2 halberd of venom hits you from afar!
* * * LOW HITPOINT WARNING * * *
The +2 halberd of venom barely misses you.
You feel better. The +2 halberd of venom misses you.
The +2 halberd of venom completely misses you.
Okay, then.
Aiming: Thunderbolt
Press: ? - help, Shift-Dir - straight line, f - +2 halberd of venom
Aim: a +2 halberd of venom (moderately damaged, covered in acid)
The thunderbolt hits the +2 halberd of venom.
The +2 halberd of venom completely resists.
The +2 halberd of venom is moderately damaged.
You hear a shout! x2
The +2 halberd of venom hits you from afar.
* * * LOW HITPOINT WARNING * * *
The +2 halberd of venom hits you from afar!!
You die...

###..#.........#
#.......##
.....'...)....##
##..)..##
##...'.).....##
#.......##
#####......##
#........#
##......##
#.......##
........##
#......##
.........#
#.....##
........######
#....##
#.......'@.(.#
#...##
##......####.#
##### ##+#####
#)# ###)#
.######..)#
.....)...)#
..........#
..........#
####.####.#


You could see a +2 halberd of venom (corroded).

Vanquished Creatures
  Saint Roka (Orc:2)
  Gastronok (D:9)
  A cacodemon (Abyss:2)
  A very ugly thing (Abyss:2)
  A deep elf demonologist (Elf:1)
  A fire dragon (D:9)
  6 two-headed ogres
  A centaur warrior (D:10)
  11 orc high priests (Orc:2)
  6 dancing weapons (Elf:1)
  3 thrashing horrors (Abyss:2)
  2 deep elf knights (Elf:1)
  A spatial maelstrom (Abyss:2)
  2 starcursed masses (Abyss:2)
  2 large abominations (Abyss:2)
  4 deep elf pyromancers (Elf:1)
  An orc knight (Orc:1)
  7 deep elf zephyrmancers (Elf:1)
  Pikel (D:8)
  An ugly thing (D:9)
  2 cyclopes
  An orc sorcerer (Orc:1)
  An apocalypse crab (Abyss:2)
  Joseph (D:9)
  An orange demon (Abyss:2)
  2 gargoyles (D:10)
  A freezing wraith (Abyss:2)
  A komodo dragon (D:8)
  2 demonic crawlers (Abyss:2)
  2 trolls (D:10)
  3 ynoxinuls (Abyss:2)
  2 shadows (D:10)
  An air elemental (Elf:1)
  8 wyverns
  7 yaks
  2 fire elementals (Elf:1)
  A basilisk (D:8)
  A human (shapeshifter) (Elf:1)
  A steam dragon (D:8)
  4 acid dragons
  Edmund (D:4)
  5 wargs (Orc:2)
  2 water moccasins (D:8)
  2 floating eyes (D:10)
  A black bear (D:5)
  14 orc warriors
  3 ice beasts
  A necrophage (D:7)
  3 ogres
  4 centaurs
  3 lemures (D:8)
  A phantom (D:6)
  A kobold brigand (D:9)
  3 scorpions
  2 bullfrogs
  4 water moccasin zombies (Ossuary)
  3 small abominations (Abyss:2)
  8 wights
  3 howler monkeys (D:10)
  2 electric eels (D:7)
  6 centaur zombies
  2 lava snakes
  A quasit (Abyss:2)
  4 jellies
  2 centaur skeletons
  32 orc priests
  A hound (D:3)
  2 bullfrog skeletons
  3 iguanas (D:5)
  Ijyb (D:5)
  Natasha (thrice) (D:2)
  9 orc wizards
  A hound zombie (D:5)
  A howler monkey zombie (D:9)
  3 mummies
  6 adders
  3 ufetubi
  3 adder zombies (Ossuary)
  An adder skeleton (D:3)
  2 worms
  5 dart slugs
  73 orcs
  4 endoplasms
  2 giant cockroaches (D:4)
  4 gnoll zombies (Ossuary)
  4 goblins
  5 hobgoblins
  11 jackals
  10 kobolds
  3 quokkas (D:3)
  5 ball pythons
  5 bats
  2 frilled lizards (D:1)
  3 hobgoblin zombies (Ossuary)
  7 kobold zombies (Ossuary)
  3 orc zombies (Ossuary)
  6 rats
402 creatures vanquished.

Vanquished Creatures (others)
  A deep elf pyromancer (Elf:1)
  3 plants (Abyss:2)
4 creatures vanquished.

Grand Total: 406 creatures vanquished

Notes
Turn   | Place    | Note
-------+----------+-------------------------------------------
     0 | D:1      | mandarbmax the Kobold Gladiator began the quest for the
                  | Orb.
     0 | D:1      | Reached XP level 1. HP: 12/12 MP: 1/1
     7 | D:1      | Noticed a redback
     7 | D:1      | Noticed a black bear
     7 | D:1      | Noticed a snapping turtle
    57 | D:1      | Reached XP level 2. HP: 11/17 MP: 2/2
   210 | D:1      | Reached skill level 1 in Stealth
   758 | D:1      | Reached XP level 3. HP: 21/21 MP: 3/3
   919 | D:1      | Noticed an eight-headed hydra
   920 | D:1      | Noticed a lindwurm
  1036 | D:2      | Noticed Natasha
  1040 | D:2      | Killed Natasha
  1041 | D:2      | Reached skill level 5 in Short Blades
  1041 | D:2      | Reached skill level 2 in Stealth
  1041 | D:2      | Reached XP level 4. HP: 26/26 MP: 4/4
  1304 | D:2      | Learned a level 1 spell: Animate Skeleton
  1382 | D:2      | Noticed Natasha
  1393 | D:2      | Killed Natasha
  1394 | D:2      | Reached XP level 5. HP: 23/30 MP: 5/5
  1486 | D:2      | Noticed Natasha
  1503 | D:2      | Killed Natasha
  1504 | D:2      | Reached skill level 3 in Stealth
  2527 | D:3      | Found a stormy altar of Qazlal.
  2575 | D:3      | Found a faded altar of an unknown god.
  2598 | D:3      | Reached XP level 6. HP: 35/35 MP: 6/6
  2645 | D:3      | Reached skill level 5 in Dodging
  2765 | D:3      | Reached skill level 4 in Stealth
  3114 | D:4      | Noticed Edmund
  3125 | D:4      | Killed Edmund
  3126 | D:4      | Reached XP level 7. HP: 40/40 MP: 7/7
  3221 | D:4      | Found a staircase to the Ecumenical Temple.
  3227 | Temple   | Entered the Ecumenical Temple
  3321 | Temple   | Became a worshipper of the Wu Jian Council
  3409 | D:4      | Reached skill level 5 in Stealth
  3998 | D:5      | Entered Level 5 of the Dungeon
  4123 | D:5      | Noticed Ijyb
  4126 | D:5      | Identified the +4 scale mail "Covuni" {Int-2 Dex+5}
  4127 | D:5      | Reached XP level 8. HP: 44/44 MP: 8/8
  4155 | D:5      | Killed Ijyb
  4158 | D:5      | Reached skill level 6 in Stealth
  4866 | D:5      | Reached * piety under Wu Jian
  4959 | D:5      | Reached skill level 10 in Short Blades
  5130 | D:6      | Reached skill level 7 in Stealth
  5141 | D:6      | Found a sand-covered staircase.
  5147 | Ossuary  | Entered an ossuary
  5165 | Ossuary  | Reached XP level 9. HP: 48/48 MP: 9/9
  5471 | D:6      | Found a transporter.
  5549 | D:6      | Reached ** piety under Wu Jian
  5838 | D:6      | Reached skill level 8 in Stealth
  5873 | D:6      | Found a transporter.
  6177 | D:7      | Found a runed translucent door.
  6730 | D:7      | Reached skill level 9 in Stealth
  6749 | D:7      | Identified the +3 leather armour of Murucvic {rElec rN+
                  | Int+3 Dex+3}
  6918 | D:7      | Reached XP level 10. HP: 56/56 MP: 10/10
  7176 | D:7      | Reached skill level 1 in Evocations
  7384 | D:8      | Noticed a two-headed ogre
  7389 | D:8      | Reached *** piety under Wu Jian
  7397 | D:8      | Killed a two-headed ogre
  7398 | D:8      | Reached skill level 10 in Stealth
  7707 | D:8      | Reached skill level 5 in Fighting
  7786 | D:8      | Noticed Pikel
  7791 | D:8      | Noticed a two-headed ogre
  7798 | D:8      | Killed Pikel
  7799 | D:8      | Reached skill level 10 in Dodging
  7841 | D:8      | Killed a two-headed ogre
  7842 | D:8      | Reached skill level 11 in Stealth
  7842 | D:8      | Reached skill level 5 in Evocations
  7842 | D:8      | Reached XP level 11. HP: 57/64 MP: 11/11
  8023 | D:8      | Found a staircase to the Lair.
  8444 | D:9      | Found a staircase to the Orcish Mines.
  8583 | D:9      | Noticed Joseph
  8584 | D:9      | Killed Joseph
  8638 | D:9      | Found a white marble altar of Elyvilon.
  8638 | D:9      | Noticed a two-headed ogre
  8638 | D:9      | Noticed a brown ugly thing
  8641 | D:9      | Killed a two-headed ogre
  8641 | D:9      | Reached skill level 12 in Stealth
  8641 | D:9      | Noticed a cyclops
  8641 | D:9      | Killed a brown ugly thing
  8643 | D:9      | Killed a cyclops
  8971 | D:9      | Noticed Gastronok
  8973 | D:9      | Killed Gastronok
  8973 | D:9      | Reached XP level 12. HP: 73/73 MP: 12/12
  9074 | D:9      | Noticed a fire dragon
  9097 | D:9      | Killed a fire dragon
  9125 | D:9      | Identified 2 scrolls of acquirement
  9125 | D:9      | Acquired the amulet of Temperance {Faith rPois}
  9143 | D:9      | Acquired the +0 pair of boots of a Labyrinth {-Cast Slay+5}
  9216 | D:10     | Entered Level 10 of the Dungeon
  9234 | D:10     | Found an iron altar of Okawaru.
  9459 | D:10     | Reached skill level 13 in Stealth
  9517 | D:10     | Noticed a centaur warrior
  9532 | D:10     | Killed a centaur warrior
  9581 | D:10     | Noticed a two-headed ogre
  9586 | D:10     | Killed a two-headed ogre
  9889 | D:10     | Reached **** piety under Wu Jian
 10903 | Orc:1    | Entered Level 1 of the Orcish Mines
 10968 | Orc:2    | Entered Level 2 of the Orcish Mines
 11257 | Orc:2    | Found Cabloan's Antique Armour Shoppe.
 11295 | Orc:1    | Noticed a two-headed ogre
 11581 | Orc:1    | Killed a two-headed ogre
 11582 | Orc:1    | Reached skill level 14 in Stealth
 11582 | Orc:1    | Reached XP level 13. HP: 54/80 MP: 13/13
 12288 | Orc:2    | Found Wilonequ's Jewellery Boutique.
 12289 | Orc:2    | Reached skill level 10 in Evocations
 12299 | Orc:2    | Reached ***** piety under Wu Jian
 12381 | Orc:2    | Found Unwaf's Weapon Emporium.
 12401 | Orc:2    | Reached skill level 10 in Fighting
 12814 | Orc:2    | Found Ocrobbicw's Assorted Antiques.
 12889 | Orc:2    | Found Mywegoll's Antique Weapon Boutique.
 12891 | Orc:2    | Reached skill level 15 in Stealth
 13243 | Orc:2    | Found a staircase to the Elven Halls.
 13249 | Orc:2    | Noticed Saint Roka
 13251 | Orc:2    | Killed Saint Roka
 13426 | Orc:2    | Bought a +4 ring of slaying for 1248 gold pieces
 13458 | Orc:2    | Bought a transparent granite ring for 175 gold pieces
 13458 | Orc:2    | Identified the ring of Coel {Ice rPois Int-5 Dex+3} (You
                  | bought it in a shop on level 2 of the Orcish Mines)
 13482 | Elf:1    | Entered Level 1 of the Elven Halls
 13511 | Elf:1    | Reached XP level 14. HP: 88/88 MP: 14/14
 13638 | Elf:1    | Found Zaseuteh's Armour Emporium.
 13939 | Elf:1    | Found Iviotam's Distillery.
 13940 | Elf:1    | Found a radiant altar of Vehumet.
 14028 | Elf:1    | Reached skill level 16 in Stealth
 14028 | Elf:1    | Noticed a deep elf demonologist
 14030 | Elf:1    | Cast into level 2 of the Abyss (a deep elf demonologist)
 14161 | Abyss:2  | Paralysed by you for 7 turns
 14432 | Abyss:2  | Noticed a cacodemon
 14436 | Abyss:2  | Gained mutation: You are dopey. (Int -2) [a cacodemon]
 14443 | Abyss:2  | Noticed a purple very ugly thing
 14444 | Abyss:2  | Killed a cacodemon
 14450 | Abyss:2  | Killed a purple very ugly thing
 14611 | Abyss:2  | Noticed a starcursed mass
 14665 | Elf:1    | Escaped the Abyss
 14670 | Elf:1    | Noticed a cacodemon
 14670 | Elf:1    | Gained mutation: Your magical capacity is low. (-10% MP) [a
                  | cacodemon]
 14672 | Elf:1    | Killed a deep elf demonologist
 15047 | Elf:1    | Mangled by a +2 halberd of venom

Illustrated notes

Levels and vault maps discovered:
D:1:      onia_arrival_zoo_common, layout_loops_ring
D:2:      layout_loops_ring, st_stairs_11, uniq_natasha
D:3:      layout_rooms, amcnicky_altar_gilded, basic_ecumenical_altar,
          minmay_quadrilaterals
D:4:      layout_basic, temple_green, uniq_edmund
D:5:      layout_basic, uniq_ijyb
D:6:      gammafunk_cloud_chamber, layout_loops_ring, gup_ossuary_entry_pyramid,
          minivault_11
D:7:      cheibrodos_helix_gallery, layout_basic, lightli_church_of_beogh
D:8:      layout_basic, erik_lair_dragon, chequers_serial_rivers_small_a,
          kennysheep_generic_room_8, uniq_pikel
D:9:      dragon1_lemuel, layout_loops_cross, orc_0_dummy, minmay_ruined_shrine,
          uniq_gastronok, uniq_joseph
D:10:     layout_rooms, minmay_holes, grunt_decor_one_mirror,
          chequers_serial_rivers_small_a, kennysheep_flooded_box,
          onia_ninara_cookie
D:11:     layout_loops_corners, uniq_sonja
Temple:   minmay_crystal_snake_temple
Orc:1:    layout_caves, basic_altar
Orc:2:    st_orc_town, layout_caves, serial_shops, shop, uniq_saint_roka
Elf:1:    minmay_elf_arrival_summoners, layout_gridlike, serial_shops, shop,
          shop_fountains, shop, shop, basic_altar, minivault_28,
          elves_outpost_lemuel

Skill      XL: |  1  2  3  4  5  6  7  8  9 10 11 12 13 14 |
---------------+-------------------------------------------+-----
Stealth        | 1 2 3 4 5 7 9 11 12 14 15 16 | 16.8
Dodging        | 4 5 6 7 8 10 11 12 13 14 | 14.8
Short Blades   | 5 6 7 8 10 12 | 12.0
Fighting       | 3 5 7 9 10 12 | 12.2
Evocations     | 5 7 9 11 12 | 12.7
Throwing       | |  2.1

Action                   |  1- 3 |  4- 6 |  7- 9 | 10-12 | 13-15 || total
-------------------------+-------+-------+-------+-------+-------++-------
Melee: Rapier            |    54 |   157 |   263 |       |       ||   474
       Dagger            |       |       |    52 |   551 |   501 ||  1104
Throw: Throwing net      |       |     5 |       |       |       ||     5
       Dart              |       |     4 |       |       |       ||     4
Invok: Lunge             |       |       |    50 |    42 |    58 ||   150
       Whirlwind         |       |       |    39 |    90 |    42 ||   171
       Serpent's Lash    |       |       |       |     6 |     7 ||    13
 Abil: Wall Jump         |       |       |     2 |    14 |     9 ||    25
Evoke: Wand              |       |       |       |     5 |    12 ||    17
       Lightning rod     |       |       |       |       |     1 ||     1
  Use: Scroll            |       |     2 |     5 |     7 |     1 ||    15
       Potion            |       |     1 |     2 |     3 |     9 ||    15
 Stab: Distracted        |     1 |       |       |     5 |     7 ||    13
       Sleeping          |     7 |    12 |    46 |    31 |    30 ||   126
       Held in net/web   |       |     3 |       |       |       ||     3
Armor: Leather armour    |     1 |       |       |    23 |    28 ||    52
       Ring mail         |     8 |    32 |     2 |       |       ||    42
       Scale mail        |       |       |    48 |       |       ||    48
Dodge: Dodged            |    49 |    85 |   128 |   254 |   347 ||   863
